Map: Dusty Gorge

Players

Massa

  • Race: Terran Terran
  • League: Gold
  • Spawn Location: 5:00

qqq

  • Race: Zerg Zerg
  • League: Platinum
  • Spawn Location: 3:00

Serotonin - Winner!

  • Race: Terran Terran
  • League: Diamond
  • Spawn Location: 11:00

medmark - Winner!

  • Race: Terran Terran
  • League: Platinum
  • Spawn Location: 9:00

VOD

Have the link to the VOD?

Description

Time

  • Played on: June 4, 2020, 1:56 p.m.
  • Length: 14:29
Show
View Real Time Build Order
Export as new Build Order

Massa Terran 

Build Orders:  

Get SALT Encoding   

  12  0:08  SCV  
  13  0:21  SCV  
  13  0:22  Supply Depot  
  14  0:34  SCV  
  15  0:47  SCV  
  16  1:00  SCV  
  17  1:26  SCV  
  18  1:34  Barracks  
  18  1:38  Supply Depot  
  18  2:02  SCV  
  18  2:14  SCV  
  19  2:21  Barracks  
  19  2:22  Barracks  
  18  2:23  Barracks  
  18  2:24  Barracks  
  18  2:25  Supply Depot  
  18  2:30  Supply Depot  
  18  2:32  Marine  
  19  2:38  SCV  
  20  2:50  Marine, SCV  
  22  2:52  Refinery  
  22  3:05  Orbital Command  
  22  3:08  Marine  
  23  3:16  Marine x4  
  27  3:25  Marine  
  28  3:29  Supply Depot  
  28  3:34  Marine x3  
  28  3:35  Marine  
  32  3:43  Marine  
  33  3:52  Marine x3  
  33  3:53  Marine  
  37  4:01  Marine  
  38  4:09  Marine  
  38  4:10  Marine x2  
  38  4:11  Marine  
  38  4:13  Factory  
  42  4:19  Marine  
  43  4:27  Marine x2  
  43  4:28  Marine  
  43  4:29  Marine  
  47  4:42  Marine  
  47  4:45  Marine x3  
  49  4:47  Marine  
  52  4:57  Factory Tech Lab  
  52  4:59  SCV  
  53  5:00  Marine  
  54  5:11  SCV  
  33  5:38  Marine x3  
  33  5:39  Marine x2  
  33  5:41  Siege Tank  
  40  5:46  SCV  
  40  5:49  Command Center  
  41  5:55  Engineering Bay  
  41  5:56  Marine  
  42  5:58  SCV  
  42  5:59  Barracks Tech Lab  
  42  6:00  Barracks Reactor  
  42  6:02  Marine  
  42  6:03  Marine  
  45  6:14  Marine  
  46  6:20  Marine x2, SCV  
  46  6:22  Starport  
  49  6:28  Refinery  
  49  6:32  Marauder  
  49  6:33  SCV  
  50  6:45  SCV  
  48  6:53  Marauder  
  50  6:57  SCV  
  50  6:58  Missile Turret  
  51  7:06  Medivac  
  53  7:09  SCV  
  54  7:19  SCV  
  54  7:20  Missile Turret  
  54  7:21  SCV  
  52  7:31  SCV  
  52  7:33  SCV  
  54  7:41  Viking  
  57  7:45  SCV  
  58  7:54  Orbital Command  
  58  7:57  SCV  
  58  8:09  SCV  
  59  8:21  SCV  
  60  8:34  SCV  
  58  9:04  Marine x4  
  58  9:05  Marine x2  
  58  9:08  Siege Tank  
  64  9:22  Marine x6  
  70  9:32  Refinery  
  70  9:46  Supply Depot  
  70  9:50  Supply Depot  
  70  9:53  Command Center  
  70  10:03  Marine x2  
  70  10:04  Marine  
  70  10:05  Marine  
  70  10:06  Marine  
  70  10:07  Medivac, Marine, Siege Tank  
  70  10:09  Supply Depot  
  70  10:13  Supply Depot  
  76  10:21  Marine x2  
  76  10:22  Marine  
  76  10:23  Marine, Combat Shield  
  76  10:24  Marine  
  76  10:25  Marine  
  82  10:37  Supply Depot  
  82  10:39  Medivac, Marine x2  
  82  10:42  Marine  
  87  10:43  Marine  
  88  10:51  SCV  
  88  10:52  SCV  
  90  11:00  Siege Tank  
  90  11:03  SCV  
  90  11:04  SCV  
  95  11:07  Refinery  
  95  11:09  Medivac  
  96  11:15  SCV  
  96  11:16  SCV  
  98  11:20  Terran Infantry Weapons Level 1  
  98  11:27  SCV  
  98  11:28  SCV  
  100  11:39  Starport Tech Lab  
  101  11:40  SCV x2  
  101  11:42  Stimpack  
  101  11:47  Orbital Command  
  102  11:52  SCV x2  
  104  11:57  Refinery  
  104  12:04  SCV x2  
  106  12:08  Supply Depot  
  106  12:12  Missile Turret  
  106  12:16  SCV x2  
  106  12:20  Marauder  
  106  12:21  Barracks Reactor, Barracks Tech Lab  
  106  12:22  Barracks Reactor  
  110  12:25  Marine x2  
  110  12:28  SCV x2  
  114  12:30  Supply Depot  
  114  12:32  Missile Turret  
  114  12:35  Ghost Academy  
  114  12:36  Raven  
  116  12:41  Marauder  
  116  12:43  Marine x2  
  120  12:52  Missile Turret  
  120  12:55  Supply Depot  
  120  13:03  Marauder  
  122  13:12  Missile Turret  
  122  13:15  Marine  
  122  13:16  Marine x6  
  122  13:19  Medivac  
  131  13:22  Concussive Shells  
  131  13:23  Marine  
  132  13:33  Marine, Missile Turret  
  132  13:34  Marine x6  
  139  13:41  Marine  
  140  13:51  Marine x3, Ghost  
  140  13:52  Marine x3  
  142  13:59  Ghost  
  101  14:09  Marine x3  
Show
View Real Time Build Order
Export as new Build Order

qqq Zerg 

Build Orders: Pool First, Swarm Host 

Get SALT Encoding   

  12  0:02  Drone  
  13  0:12  Drone  
  14  0:51  Spawning Pool  
  13  1:25  Hatchery  
  12  1:33  Drone x2  
  12  1:35  Overlord  
  12  1:36  Extractor  
  13  1:48  Overlord  
  13  1:53  Queen  
  15  2:01  Zergling x2  
  16  2:10  Zergling x2  
  17  2:17  Zergling x2  
  18  2:27  Zergling x2  
  19  2:39  Zergling x2  
  22  2:47  Metabolic Boost  
  22  2:50  Zergling x4  
  24  2:56  Zergling x2  
  21  3:13  Drone x2  
  21  3:19  Hatchery  
  21  3:36  Overlord, Drone  
  21  3:37  Drone  
  23  3:47  Baneling Nest  
  23  3:48  Drone  
  23  3:55  Zergling x2  
  24  4:08  Lair  
  24  4:10  Drone  
  25  4:17  Zergling x2  
  25  4:20  Zergling x2  
  27  4:29  Zergling x4  
  29  4:42  Zergling x6  
  29  4:43  Zergling x2  
  32  4:50  Drone  
  32  4:51  Drone  
  34  4:58  Baneling x4  
  34  4:59  Baneling  
  34  5:19  Zergling x6  
  34  5:20  Zergling x6  
  27  5:34  Drone  
  27  5:35  Drone  
  29  5:36  Infestation Pit  
  28  5:49  Drone  
  29  5:51  Queen  
  29  5:54  Drone  
  32  5:57  Extractor  
  32  5:58  Drone  
  32  6:00  Drone  
  33  6:16  Drone  
  40  6:28  Overlord  
  43  6:50  Drone x3  
  43  6:51  Overlord  
  43  6:52  Drone  
  43  6:53  Drone x2  
  49  6:57  Swarm Host  
  58  7:38  Overlord x3  
  58  7:39  Overlord x3  
  58  7:51  Drone x2  
  60  8:03  Drone x2  
  65  8:39  Overseer  
  65  8:41  Pneumatized Carapace  
  65  8:42  Drone x6  
  71  8:54  Burrow  
  71  9:05  Hatchery  
  71  9:06  Swarm Host x2  
  71  9:08  Drone x3, Hatchery  
  81  9:10  Zergling x8  
  85  9:36  Drone x2  
  85  9:38  Swarm Host  
  93  9:48  Extractor  
  93  9:50  Drone, Extractor  
  92  9:57  Zergling x6  
  95  10:05  Evolution Chamber  
  95  10:06  Evolution Chamber  
  93  10:07  Roach Warren  
  92  10:30  Hatchery  
  91  10:40  Swarm Host  
  91  10:42  Drone x4  
  110  10:43  Drone x2  
  112  10:53  Zerg Melee Weapons Level 1  
  99  11:37  Drone x4  
  99  11:38  Spire, Drone x2  
  104  11:43  Roach x8  
  104  11:44  Roach x3  
  104  11:45  Overlord  
  104  11:46  Overlord  
  126  12:32  Spore Crawler x2  
  126  12:35  Spore Crawler  
  126  12:37  Spore Crawler x2  
  122  12:38  Spore Crawler  
  122  12:40  Spore Crawler  
  122  12:41  Spore Crawler  
  122  12:42  Spore Crawler  
  117  12:44  Spore Crawler  
  117  12:45  Spore Crawler  
  117  12:50  Mutalisk x5  
  117  12:51  Mutalisk x2  
  128  13:05  Hatchery  
  128  13:06  Mutalisk  
  128  13:08  Overlord x5  
  128  13:09  Overlord, Hatchery  
  128  13:27  Drone x3  
  131  13:49  Hatchery  
  131  13:53  Hatchery  
  129  14:01  Hatchery  
Show
View Real Time Build Order
Export as new Build Order

Serotonin Terran - Winner!

Build Orders:  

Get SALT Encoding   

  12  0:01  SCV  
  13  0:13  SCV  
  14  0:18  Supply Depot  
  14  0:25  SCV  
  15  0:40  SCV  
  15  0:41  Barracks  
  16  0:52  SCV  
  17  1:04  SCV  
  17  1:05  Barracks  
  18  1:16  SCV  
  19  1:29  Barracks  
  19  1:30  Marine  
  21  1:35  Orbital Command  
  20  1:50  Supply Depot  
  20  1:54  Marine  
  21  2:01  SCV  
  22  2:02  Marine  
  23  2:11  Marine  
  23  2:13  SCV  
  25  2:20  Marine  
  26  2:26  Marine  
  26  2:29  Marine  
  28  2:36  Bunker, SCV  
  29  2:38  Marine  
  29  2:43  Marine  
  31  2:59  Supply Depot  
  31  3:14  Marine, SCV  
  31  3:20  Marine x2, Supply Depot  
  31  3:26  SCV  
  34  3:28  Refinery  
  34  3:31  Marine  
  34  3:32  Command Center  
  32  3:38  Marine, SCV  
  35  3:43  Supply Depot  
  35  3:45  Refinery  
  34  3:49  Marine  
  34  3:50  Marine, SCV  
  37  3:56  Marine  
  37  3:58  Engineering Bay  
  37  4:02  SCV  
  39  4:07  Marine  
  39  4:08  Marine  
  41  4:14  Marine, SCV  
  43  4:26  SCV  
  43  4:29  Supply Depot  
  43  4:30  Barracks Tech Lab  
  44  4:32  Barracks Reactor  
  44  4:38  Barracks Reactor  
  44  4:46  Missile Turret  
  44  4:50  Orbital Command  
  44  4:56  Marine  
  45  5:01  Bunker  
  45  5:08  SCV  
  45  5:11  Marine  
  47  5:14  Marine  
  46  5:24  Marine x2  
  42  5:32  Marine  
  41  5:36  Marine  
  41  5:42  Marine  
  42  5:50  Marine  
  42  5:54  Marine  
  44  6:06  Barracks Reactor  
  44  6:07  Marine  
  45  6:16  Orbital Command  
  45  6:19  Supply Depot  
  44  6:34  Barracks Reactor  
  44  6:38  Terran Infantry Weapons Level 1  
  44  6:39  SCV  
  45  6:40  Factory  
  45  6:43  SCV  
  45  6:46  Stimpack  
  46  6:51  SCV  
  47  6:57  Supply Depot  
  47  7:01  SCV  
  47  7:03  Marine, SCV  
  50  7:11  Marine  
  50  7:14  SCV  
  50  7:15  SCV  
  53  7:26  SCV  
  53  7:27  SCV  
  55  7:30  Marine  
  55  7:33  Marine, Widow Mine  
  55  7:35  Marine  
  60  7:38  SCV  
  60  7:39  Marine x2  
  60  7:40  Bunker  
  63  7:48  Marine  
  64  7:51  Marine  
  64  7:52  Marine  
  64  7:54  Widow Mine  
  64  7:57  Marine x2  
  70  8:05  Marine, Missile Turret  
  70  8:07  SCV x2  
  70  8:09  Marine  
  70  8:10  Marine  
  75  8:15  Marine x2  
  77  8:23  Marine  
  77  8:27  Marine  
  78  8:28  Marine  
  78  8:33  Marine x2  
  82  8:40  Terran Infantry Armor Level 1, Combat Shield  
  80  8:41  Starport, Marine  
  80  8:44  Marine  
  80  8:46  Marine  
  82  8:49  Factory Tech Lab  
  82  8:50  Marine  
  83  8:56  Barracks  
  83  8:57  Marine  
  83  8:59  Marine  
  85  9:03  Marine  
  85  9:05  Marine  
  85  9:07  SCV  
  88  9:11  Marine  
  88  9:12  SCV  
  90  9:19  SCV  
  90  9:23  Starport Reactor  
  91  9:24  SCV  
  91  9:25  Supply Depot  
  91  9:28  Refinery  
  90  9:33  Refinery  
  90  9:44  Marine  
  91  9:46  Marine  
  91  9:47  SCV  
  93  10:05  Marine x2  
  95  10:07  Marine  
  95  10:10  Marine  
  95  10:13  Supply Depot  
  97  10:16  Marine  
  97  10:19  Armory  
  97  10:20  Marine  
  99  10:22  Barracks  
  99  10:23  Marine x2, SCV  
  99  10:28  Command Center, Supply Depot  
  102  10:30  Supply Depot  
  102  10:34  Marine x3, SCV  
  106  10:51  Marine x3  
  106  10:52  Marine  
  110  11:05  Marine  
  110  11:06  Marine  
  110  11:09  Marine x3  
  110  11:10  Marine  
  108  11:23  Marine  
  108  11:24  Marine  
  110  11:29  Command Center  
  110  11:32  Supply Depot  
  110  11:38  Supply Depot  
  110  11:39  Marine x4  
  114  11:40  Marine  
  114  11:41  Marine  
  114  11:42  Orbital Command  
  114  11:43  SCV x2  
  118  11:49  Supply Depot  
  118  12:02  Medivac x2  
  118  12:04  Missile Turret  
  118  12:06  Concussive Shells  
  118  12:08  Marine  
  123  12:13  Marine  
  123  12:14  Starport  
  124  12:19  Marine x2  
  124  12:21  Supply Depot  
  126  12:23  Supply Depot  
  126  12:33  Marine  
  126  12:36  Supply Depot  
  127  12:38  Medivac x2  
  127  12:39  Marine  
  127  12:40  Marine  
  133  12:44  Orbital Command  
  133  13:01  Marine x3  
  136  13:05  Marine  
  136  13:09  Supply Depot  
  137  13:14  Medivac x3  
  143  13:20  Supply Depot  
  143  13:24  SCV  
  143  13:25  SCV  
  145  13:34  Marine x2  
  145  13:36  Missile Turret  
  145  13:39  Marine  
  148  13:41  Supply Depot  
  148  13:42  Marine  
  148  13:44  Medivac  
  148  13:47  Marine  
  149  14:02  Marine x4  
  118  14:05  Marine x2  
Show
View Real Time Build Order
Export as new Build Order

medmark Terran - Winner!

Build Orders:  

Get SALT Encoding   

  12  0:00  SCV  
  13  0:13  SCV  
  14  0:18  Supply Depot  
  14  0:25  SCV  
  15  0:40  SCV  
  16  0:55  Barracks  
  15  1:03  Refinery  
  15  1:18  SCV  
  16  1:34  SCV  
  17  1:46  Marine  
  18  1:53  Command Center  
  18  1:56  Supply Depot  
  18  2:10  Marine  
  19  2:15  Refinery  
  19  2:21  Orbital Command  
  19  2:40  Marine  
  20  2:47  Bunker  
  20  2:52  Factory  
  20  3:12  Orbital Command  
  20  3:22  Supply Depot  
  20  3:26  Engineering Bay  
  20  3:32  SCV  
  21  3:44  Factory Tech Lab  
  21  3:50  Starport  
  21  3:51  Marine  
  22  3:56  SCV  
  22  3:58  SCV  
  24  4:08  Refinery  
  24  4:09  SCV  
  25  4:11  SCV  
  25  4:16  Siege Tank  
  29  4:30  SCV x2  
  31  4:37  Missile Turret, Refinery  
  31  4:40  Starport Tech Lab  
  31  4:42  SCV  
  31  4:43  SCV  
  33  4:50  Starport  
  33  5:03  Siege Tank  
  33  5:06  Raven  
  38  5:09  SCV x2  
  40  5:21  SCV  
  40  5:22  Marine  
  42  5:35  Starport Tech Lab  
  42  5:39  Marine  
  42  5:41  SCV x2  
  42  5:42  Missile Turret  
  45  5:53  SCV x2  
  47  5:57  Marine  
  47  6:01  Banshee  
  51  6:04  Cloaking Field  
  51  6:05  SCV x2  
  53  6:14  Supply Depot  
  53  6:15  Marine  
  54  6:19  Supply Depot  
  54  6:36  Banshee, Siege Tank, SCV x2  
  62  6:48  SCV  
  62  6:53  SCV  
  64  7:00  SCV  
  65  7:04  Banshee  
  65  7:05  SCV  
  69  7:12  Supply Depot, SCV  
  70  7:17  Command Center  
  70  7:33  Banshee  
  70  7:34  SCV  
  70  7:36  Supply Depot  
  74  7:37  SCV, Hyperflight Rotors  
  75  7:46  SCV  
  75  7:49  SCV  
  77  7:57  Banshee  
  77  7:58  SCV  
  81  8:00  Supply Depot  
  81  8:09  Starport, Missile Turret x2  
  81  8:12  Supply Depot  
  81  8:13  Supply Depot  
  81  8:16  Banshee  
  81  8:17  Supply Depot  
  84  8:40  Banshee  
  80  8:59  Banshee  
  81  9:05  Starport Tech Lab  
  81  9:23  Banshee  
  84  9:33  Siege Tank  
  87  9:42  Banshee  
  90  9:46  Planetary Fortress  
  90  10:05  Siege Tank  
  90  10:06  Banshee  
  96  10:15  SCV x2  
  98  10:24  Banshee, SCV  
  98  10:25  Refinery  
  98  10:27  SCV  
  98  10:28  SCV  
  104  10:36  SCV  
  105  10:49  Banshee  
  108  10:51  Refinery  
  108  11:07  Banshee  
  111  11:32  Banshee, SCV x3  
  117  11:34  Fusion Core  
  117  11:43  Missile Turret  
  117  11:44  Missile Turret, SCV x3  
  117  11:45  Missile Turret  
  120  11:50  Banshee  
  120  11:53  Armory  
  123  11:56  SCV x3  
  126  12:04  Supply Depot  
  126  12:05  Supply Depot x2  
  126  12:06  Supply Depot  
  126  12:08  Supply Depot, SCV x2  
  128  12:09  Supply Depot  
  128  12:14  Banshee  
  119  12:28  Supply Depot  
  119  12:30  Siege Tank  
  119  12:32  Supply Depot  
  119  12:33  Banshee  
  125  12:45  Starport  
  125  12:57  Banshee  
  128  13:02  Siege Tank  
  128  13:04  Marine  
  132  13:16  Battlecruiser  
  138  13:21  Marine  
  138  13:25  Starport Tech Lab  
  145  13:34  Siege Tank  
  145  13:39  Marine  
  152  13:57  Marine  
Tags
 
Add a new tag
Caveats
  • Supply blocks, unpowered buildings, or Contaminate may cause inaccurate times.
  • Supply counts are checked every 10 seconds.